 Dungeon Crawl Stone Soup version 0.31-a0-664-g902f515a81 (webtiles) character file.

Game seed: 8215798835893159347

765 randomguy2701 the Chopper (level 7, -4/61 HPs)
             Began as a Hill Orc Fighter on Sept 2, 2023.
             Slain by Duvessa
             ... wielding a +0 short sword
              (6 damage)
             ... on level 4 of the Dungeon.
             The game lasted 00:02:53 (2617 turns).

randomguy2701 the Chopper (Hill Orc Fighter)        Turns: 2617, Time: 00:02:54

Health: -4/61      AC:  7    Str: 19    XL:     7   Next: 81%
Magic:  7/7        EV:  9    Int:  8    God:
Gold:   143        SH:  5    Dex: 12    Spells: 6/6 levels left

rFire   . . .        a - +0 war axe
rCold   . . .        c - +0 buckler
rNeg    . . .        b - +0 scale mail
rPois   .            (no helmet)
rElec   .            (no cloak)
rCorr   .            (no gloves)
SInv    .            (no boots)
Will    .....        o - amulet of regeneration Stlth
                     (no ring)
HPRegen 1.10/turn    (no ring)
MPRegen 0.10/turn

%: no passive effects
@: mighty
A: no striking features
a: no special abilities


You were on level 4 of the Dungeon.
You visited 1 branch of the dungeon, and saw 4 of its levels.

You collected 143 gold pieces.

Inventory:

Hand Weapons
 a - a +0 war axe (weapon)
Armour
 b - a +0 scale mail (worn)
 c - a +0 buckler (worn)
Jewellery
 g - a ring of ice
 o - an amulet of regeneration (around neck)
 u - an amulet of guardian spirit
Wands
 r - a wand of roots (8)
Scrolls
 e - 6 scrolls of identify {unknown}
 f - a scroll of blinking {unknown}
 h - a scroll of enchant armour {unknown}
 j - 3 scrolls of fog {unknown}
 l - a scroll of amnesia {unknown}
 q - a scroll of noise {unknown}
 s - 2 scrolls of teleportation {unknown}
 t - a scroll of fear {unknown}
Potions
 i - 3 potions of curing {unknown}
 k - a potion of brilliance {unknown}
 m - a potion of enlightenment {unknown}
 n - a potion of mutation {unknown}
 p - a potion of degeneration {unknown}


   Skills:
 + Level 5.5 Fighting
 + Level 7.4 Axes
 + Level 5.6 Armour
 - Level 1.1 Dodging
 - Level 0.5 Stealth
 + Level 4.5 Shields


You had 6 spell levels left.
You didn't know any spells.
Your spell library contained the following spells:

 Spells                   Type           Power      Damage    Failure   Level
 Portal Projectile        Hex/Tloc       0%         N/A       99%         3
 Tukima's Dance           Hex            0%         N/A       99%         3
 Iskenderun's Mystic Bla  Conj/Tloc      0%         2d3       100%        4
 Leda's Liquefaction      Hex/Erth       0%         N/A       100%        4
 Lee's Rapid Deconstruct  Erth           0%         3d4*      100%        5
 Leda's Unmaking          Conj/Erth      0%         9d1       100%        6


Dungeon Overview and Level Annotations

Branches:
Dungeon (4/15)
 Temple: D:4-7

Altars:

Annotations:
D:4 Duvessa


Message History

Dowan is heavily wounded.
You closely miss Duvessa. You block Duvessa's attack.
Dowan hits you with a +0 dagger.
You slash Dowan!
Dowan is severely wounded.
You hit Duvessa but do no damage. You block Duvessa's attack.
You block Dowan's attack.
Unknown command.
You hit Dowan.
You kill Dowan!
Duvessa weeps, and shakes her weapon.
Duvessa goes berserk!
You slash Duvessa! Duvessa barely misses you.
Duvessa hits you with a +0 short sword.
You slash Duvessa!
Duvessa is moderately wounded.
Duvessa hits you with a +0 short sword. x2
Unknown command.
You hit Duvessa.
Duvessa is moderately wounded.
Duvessa completely misses you. The quokka misses you.
You feel very mighty all of a sudden. You block Duvessa's attack.
The quokka bites you.
Duvessa hits you with a +0 short sword!!
* * * LOW HITPOINT WARNING * * *
You slash Duvessa!
Duvessa is heavily wounded.
You slash the quokka!
You kill the quokka!
Duvessa hits you with a +0 short sword!
* * * LOW HITPOINT WARNING * * *
Duvessa closely misses you.
You slash Duvessa!
Duvessa is severely wounded.
Duvessa hits you with a +0 short sword.
* * * LOW HITPOINT WARNING * * *
Unknown command.
You slash Duvessa!
Duvessa is almost dead.
You block Duvessa's attack. Duvessa hits you with a +0 short sword.
You die...

######.......
###............
##..............
###..............
##..............#
##...............##
###...........))....#
###.............@e....#
#......................#
.......................#
...........<...:..#.....
..................##....
.....#...........## #...
.....###........## ...
.....# ###......# ..
..#..# ####..##


You could see Duvessa (berserk).

Vanquished Creatures
  Pikel (D:4)
  A phantom (D:3)
  Dowan (D:4)
  Jessica (D:3)
  3 gnolls (D:4)
  5 adders
  2 dart slugs
  2 orcs
  5 ball pythons
  4 endoplasms
  3 giant cockroaches
  3 goblins
  4 hobgoblins
  7 jackals
  5 quokkas
  4 bats
  4 frilled lizards
  6 kobolds
  A rat (D:3)
62 creatures vanquished.

Notes
Turn   | Place    | Note
-------+----------+-------------------------------------------
     0 | D:1      | randomguy2701 the Hill Orc Fighter began the quest for the
                  | Orb.
     0 | D:1      | Reached XP level 1. HP: 19/19 MP: 1/1
   138 | D:1      | Reached XP level 2. HP: 24/27 MP: 2/2
   346 | D:1      | Reached skill level 3 in Axes
   429 | D:1      | Reached XP level 3. HP: 33/33 MP: 3/3
   775 | D:2      | You fall into a shaft and drop 1 floor!
  1003 | D:2      | Reached skill level 4 in Axes
  1225 | D:2      | Reached XP level 4. HP: 35/40 MP: 4/4
  1760 | D:3      | Noticed a phantom
  1772 | D:3      | Killed a phantom
  1773 | D:3      | Reached XP level 5. HP: 47/47 MP: 5/5
  1797 | D:3      | Noticed Jessica
  1802 | D:3      | Killed Jessica
  1803 | D:3      | Reached skill level 5 in Axes
  1915 | D:3      | Found a faded altar of an unknown god.
  2327 | D:4      | Reached XP level 6. HP: 40/53 MP: 6/6
  2480 | D:4      | Noticed Pikel
  2522 | D:4      | Killed Pikel
  2523 | D:4      | Reached skill level 5 in Fighting
  2523 | D:4      | Reached skill level 7 in Axes
  2523 | D:4      | Reached skill level 5 in Armour
  2523 | D:4      | Reached skill level 1 in Dodging
  2523 | D:4      | Reached XP level 7. HP: 22/61 MP: 7/7
  2601 | D:4      | Noticed Duvessa
  2602 | D:4      | Noticed Dowan
  2611 | D:4      | Killed Dowan
  2615 | D:4      | HP: 3/61 [Duvessa/+0 short sword (13)]
  2616 | D:4      | HP: 1/61 [Duvessa/+0 short sword (3)]
  2617 | D:4      | Slain by Duvessa

Illustrated notes

Levels and vault maps discovered:
D:1:      amcnicky_arrival_choice, layout_rooms
D:2:      layout_loops_ring
D:3:      layout_loops_ring, hellmonk_ecumenical_altar_heavens_door,
          serial_aquarium, aquarium_bridge_island_small
          [aquarium_subvault_small_open, aquarium_subvault_wall,
          aquarium_subvault_balcony, aquarium_subvault_bridge,
          aquarium_subvault_wall], aquarium_bridge_long_joined
          [aquarium_subvault_window, aquarium_subvault_wall,
          aquarium_subvault_wall, aquarium_subvault_bridge,
          aquarium_subvault_window, aquarium_subvault_window],
          aquarium_window_fake, aquarium_window_2, aquarium_window_1,
          aquarium_view_2d, aquarium_view_2e, aquarium_pool_double, uniq_jessica
D:4:      layout_cave_pods, uniq_pikel, uniq_duvessa

Skill      XL: |  1  2  3  4  5  6 |
---------------+-------------------+-----
Fighting       | 4 5 |  5.5
Axes           | 3 4 5 7 |  7.4
Shields        | 4 |  4.5
Armour         | 4 5 |  5.6
Dodging        | 1 |  1.1
Stealth        | |  0.5

Action                     |  1- 3 |  4- 6 |  7- 9 || total
---------------------------+-------+-------+-------++-------
  Melee: War axe           |   118 |    92 |    13 ||   223
    Use: Potion            |       |       |     1 ||     1
 Armour: Scale mail        |   104 |    62 |    16 ||   182
  Dodge: Dodged            |    54 |    30 |     7 ||    91
  Block: Buckler           |    36 |    18 |     7 ||    61

Table legend: (Time is in decaauts)
 A = Elapsed time spent in this place.
 B = Non-inter-level travel time spent in this place.
 C = Inter-level travel time spent in this place.
 D = Time resting spent in this place.
 E = Time spent auto-exploring this place.
 F = Levels seen in this place.
 G = Mean time per level.
                   A        B        C        D        E       F      G
               +--------+--------+--------+--------+--------+-----+--------+
         Total |   2691 |   2628 |     63 |      0 |   2127 |   4 |  672.8 |
       Dungeon |   2691 |   2628 |     63 |      0 |   2127 |   4 |  672.8 |
               +--------+--------+--------+--------+--------+-----+--------+

Top non-repeatable levels by time:
     D:3: 809 daAuts
     D:2: 751 daAuts
     D:1: 700 daAuts
     D:4: 430 daAuts
